 Dungeon Crawl Stone Soup version 0.31-a0-18-gea43df2a32 (webtiles) character file.

Game seed: 8255770702398783431

697 JamesMyths the Chopper (level 7, -2/61 HPs)
             Began as a Ghoul Monk on May 11, 2023.
             Was a Believer of Trog.
             Slain by a wyvern (5 damage)
             ... on level 5 of the Dungeon.
             The game lasted 00:09:24 (3610 turns).

JamesMyths the Chopper (Ghoul Monk)                 Turns: 3610, Time: 00:09:25

Health: -2/61      AC: 12    Str: 17    XL:     7   Next: 65%
Magic:  6/6        EV: 13    Int:  5    God:    Trog [**....]
Gold:   237        SH:  0    Dex: 11    Spells: 6/6 levels left

rFire   + . .        a - +0 hand axe
rCold   + . .        d - orb {light}
rNeg    + + +        q - +0 chain mail
rPois   ∞            (no helmet)
rElec   .            (no cloak)
rCorr   +            s - +0 pair of gloves
SInv    .            l - +1 pair of boots
Will    .....        n - amulet "Cutom" {Faith rF+ rCorr} Stlth
                     k - +5 ring of evasion
HPRegen 0.00/turn    (no ring)
MPRegen 0.10/turn

%: faith
@: inhibited regen, glowing
A: claws 1, cold resistance 1, negative energy resistance 3, inhibited
regeneration, torment resistance 2, devour on kill
a: Renounce Religion, Trog's Hand


You were on level 5 of the Dungeon.
You worshipped Trog.
Trog was pleased with you.
You visited 2 branches of the dungeon, and saw 6 of its levels.

You collected 237 gold pieces.

Inventory:

Hand Weapons
 a - a +0 hand axe (weapon)
Missiles
 i - 2 throwing nets (quivered)
Armour
 b - a +0 robe
 d - an orb of light (worn)
 l - a +1 pair of boots (worn)
 q - a +0 chain mail (worn)
 s - a +0 pair of gloves (worn)
Jewellery
 k - a +5 ring of evasion (left hand)
 m - a ring of protection from cold
 n - the amulet "Cutom" (around neck) {Faith rF+ rCorr}
   (You found it on level 4 of the Dungeon)

   [amulet of faith]

   It allows you to gain divine favour quickly.
   rF:        It protects you from fire.
   rCorr:     It protects you from acid and corrosion.
Scrolls
 e - a scroll of amnesia
 f - 4 scrolls of teleportation
 o - a scroll of poison
 r - a scroll of identify
 t - a scroll of torment {unknown}
Potions
 c - a potion of ambrosia
 g - 2 potions of flight
 j - a potion of magic
 p - a potion of brilliance {unknown}
 u - a potion of berserk rage {unknown}


   Skills:
 + Level 5.4 Fighting
 + Level 5.8 Axes
 + Level 2.4 Armour
 + Level 3.6 Dodging
 + Level 0.6 Stealth


You had 6 spell levels left.
You didn't know any spells.
Your spell library contained the following spells:

 Spells                   Type           Power      Damage    Failure   Level
 Kiss of Death            Conj/Necr      0%         2d5       99%         1
 Blink                    Tloc           0%         N/A       100%        2
 Lesser Beckoning         Tloc           0%         N/A       100%        2
 Momentum Strike          Conj/Tloc      0%         3d8       100%        2
 Confusing Touch          Hex            0%         N/A       100%        3
 Dispel Undead            Necr           0%         3d6       100%        4
 Summon Hydra             Summ           0%         N/A       100%        7
 Sublimation of Blood     Necr           Unusable   N/A       N/A         2
 Wereblood                Tmut           Unusable   N/A       N/A         2

Dungeon Overview and Level Annotations

Branches:
Dungeon (5/15)             Temple (1/1) D:5

Altars:
Ashenzari
Dithmenos
Fedhas
Gozag
Hepliaklqana
Kikubaaqudgha
Makhleb
Nemelex Xobeh
Okawaru
Qazlal
Ru
Trog
Uskayaw
Wu Jian
Xom


Innate Abilities, Weirdness & Mutations

You are immune to poison.
You have sharp fingernails.
Your flesh is cold resistant. (rC+)
You are immune to negative energy. (rN+++)
You do not regenerate when monsters are visible.
You are immune to unholy pain and torment.
You thrive by killing the living.


Message History

You are too injured to fight recklessly!
You are too injured to fight recklessly!
You are too injured to fight recklessly!
You are too injured to fight recklessly!
You are too injured to fight recklessly!
You are too injured to fight recklessly!
You are too injured to fight recklessly!
You are too injured to fight recklessly!
You are too injured to fight recklessly!
You are too injured to fight recklessly!
You are too injured to fight recklessly!
You are too injured to fight recklessly!
You are too injured to fight recklessly!
You are too injured to fight recklessly!
You are too injured to fight recklessly!
You are too injured to fight recklessly!
You are too injured to fight recklessly!
You are too injured to fight recklessly!
You are too injured to fight recklessly!
You are too injured to fight recklessly!
You are too injured to fight recklessly!
You are too injured to fight recklessly!
You are too injured to fight recklessly!
You are too injured to fight recklessly!
You are too injured to fight recklessly!
You are too injured to fight recklessly!
You are too injured to fight recklessly!
You are too injured to fight recklessly!
You hit the wyvern.
The wyvern is severely wounded.
The wyvern bites you.
* * * LOW HITPOINT WARNING * * *
The wyvern bites you but does no damage.
You barely miss the wyvern.
The wyvern is severely wounded.
The wyvern barely misses you.
You barely miss the wyvern.
The wyvern is severely wounded.
The wyvern barely misses you. The wyvern bites you.
You die...

## #.# ### ..###
###.## ...
#....# #l#
##....# ##@#
#....## #..#
#....# #.##
##....# ##.#
#.....# #..#
#.....# ##.##
##.....# .# #..#
#......# .# #.##
###......# .+
##.####........#


You could see a wyvern.

Vanquished Creatures
  An ice beast (D:5)
  2 ogres
  2 black bears (D:5)
  An orc priest (D:5)
  2 sleepcaps
  An orc wizard (D:5)
  4 adders
  A white imp (D:3)
  An ufetubus (D:5)
  3 worms
  3 dart slugs
  12 orcs
  4 ball pythons
  9 endoplasms
  3 giant cockroaches
  3 hobgoblins
  8 jackals
  3 quokkas
  4 bats
  6 frilled lizards
  5 goblins
  5 kobolds
  4 rats
87 creatures vanquished.

Notes
Turn   | Place    | Note
-------+----------+-------------------------------------------
     0 | D:1      | JamesMyths the Ghoul Monk began the quest for the Orb.
     0 | D:1      | Reached XP level 1. HP: 19/19 MP: 0/0
    99 | D:1      | Reached XP level 2. HP: 18/26 MP: 1/1
   655 | D:2      | Reached XP level 3. HP: 32/33 MP: 2/2
  1005 | D:2      | Reached XP level 4. HP: 38/40 MP: 3/3
  1360 | D:3      | Found an ancient bone altar of Kikubaaqudgha.
  1497 | D:3      | Found a sparkling altar of Nemelex Xobeh.
  1639 | D:3      | Reached XP level 5. HP: 36/47 MP: 4/4
  1765 | D:3      | Found an ornate altar of the Wu Jian Council.
  1770 | D:3      | Noticed a spectral centipede
  1770 | D:3      | Noticed a spectral black mamba
  1770 | D:3      | Noticed a spectral cane toad
  1972 | D:3      | Found an opulent altar of Gozag.
  1973 | D:3      | Found a blossoming altar of Fedhas.
  2693 | D:4      | Identified the amulet "Cutom" {Faith rF+ rCorr}
  2865 | D:4      | Noticed an ogre
  2877 | D:4      | Killed an ogre
  2878 | D:4      | Reached skill level 1 in Armour
  2878 | D:4      | Reached XP level 6. HP: 44/53 MP: 5/5
  2992 | D:5      | Entered Level 5 of the Dungeon
  3095 | D:5      | Found a staircase to the Ecumenical Temple.
  3101 | Temple   | Entered the Ecumenical Temple
  3173 | Temple   | Became a worshipper of Trog the Wrathful
  3173 | Temple   | Reached * piety under Trog
  3173 | Temple   | Reached ** piety under Trog
  3203 | D:5      | Noticed a black bear
  3208 | D:5      | Noticed an ice beast
  3217 | D:5      | Killed a black bear
  3222 | D:5      | Reached skill level 5 in Fighting
  3222 | D:5      | Reached skill level 5 in Axes
  3246 | D:5      | Killed an ice beast
  3247 | D:5      | Reached XP level 7. HP: 19/61 MP: 6/6
  3590 | D:5      | Noticed a wyvern
  3608 | D:5      | HP: 3/61 [wyvern (1)]
  3610 | D:5      | Slain by a wyvern

Illustrated notes

Levels and vault maps discovered:
D:1:      minmay_arrival_doors, layout_basic
D:2:      layout_basic, minmay_misc_feat_enclosed
D:3:      layout_loops_ring, pdpol_wu_jian_five_deadly_venoms,
          mainiacjoe_overflow_boulevard, mainiacjoe_overflow_alcove_4,
          gammafunk_temple_overflow_pools
D:4:      layout_basic
D:5:      layout_cave_pods, kennysheep_little_box, minmay_temple_entry_wispy,
          supply_closet_lemuel
Temple:   cyrus_circular_temple

Skill      XL: |  1  2  3  4  5  6 |
---------------+-------------------+-----
Axes           | 3 4 5 |  5.8
Dodging        | 3 |  3.6
Fighting       | 4 5 |  5.4
Armour         | 1 2 |  2.4
Stealth        | |  0.6

Action                     |  1- 3 |  4- 6 |  7- 9 || total
---------------------------+-------+-------+-------++-------
  Melee: Hand axe          |    82 |   188 |    46 ||   316
    Use: Scroll            |       |     8 |       ||     8
         Potion            |       |     5 |     1 ||     6
 Armour: Robe              |    19 |     1 |       ||    20
         Chain mail        |       |   101 |    35 ||   136
  Dodge: Dodged            |    56 |   117 |    83 ||   256

Table legend: (Time is in decaauts)
 A = Elapsed time spent in this place.
 B = Non-inter-level travel time spent in this place.
 C = Inter-level travel time spent in this place.
 D = Time resting spent in this place.
 E = Time spent auto-exploring this place.
 F = Levels seen in this place.
 G = Mean time per level.
                   A        B        C        D        E       F      G
               +--------+--------+--------+--------+--------+-----+--------+
         Total |   3642 |   3530 |    112 |      0 |   2616 |   6 |  607.0 |
       Dungeon |   3558 |   3462 |     96 |      0 |   2616 |   5 |  711.6 |
        Temple |     83 |     67 |     16 |      0 |      0 |   1 |   83.0 |
               +--------+--------+--------+--------+--------+-----+--------+

Top non-repeatable levels by time:
     D:3: 978 daAuts
     D:2: 787 daAuts
     D:4: 679 daAuts
     D:1: 573 daAuts
     D:5: 538 daAuts
  Temple: 83 daAuts
